 Dungeon Sprint DCSS version 0.17-a0-1181-gabc46e6 (webtiles) character file.

215937 nuthulu the Minotaur Barricade (level 18, -8/180 HPs)
             Began as a Minotaur Fighter on May 31, 2015.
             Was the Champion of Cheibriados.
             Mangled by Margery
             ... wielding a +2 glaive of chopping
              (45 damage)
             ... in the Dungeon (Sprint V: "Ziggurat Sprint").
             The game lasted 00:30:37 (3645 turns).

nuthulu the Minotaur Barricade (Minotaur Fighter)   Turns: 3645, Time: 00:30:37

Health: -8/180     AC: 31    Str: 44      XL:     18   Next: 72%
Magic:  23/34      EV: 33    Int: 36 (37) God:    Cheibriados [******]
Gold:   0          SH: 41    Dex: 36      Spells: 0 memorised, 30 levels left

rFire  + . .     SeeInvis +     o - +6 shillelagh "Devastator" {shatter}
rCold  + . .     Clarity  +     J - +15 Maxwell's patent armour {-Cast -Tele rElec MR+ rCorr}
rNeg   + + +     SustAt   .     K - +18 shield of the gong {rElec rN+ MR+ EV-5}
rPois  .         Gourm    .     (helmet restricted)
rElec  +         Spirit   .     (no cloak)
rCorr  +         Warding  .     N - +0 pair of gloves "Siungaic" {Str+2 Int+2 Dex+4}
rMut   .         NoTele   +     F - +0 pair of boots of Forking Paths {rElec Int+2 SInv}
MR     +++..     NoCast   +     M - amulet of Xom's Amusement {Clar *Drain +Blink rElec rN++}
Stlth  ..........               Q - ring of Suotaimi {Str+2 Int+8 Dex+5 SInv}
                                H - ring of Ipydulaaz {rF+ rC+ rN++ Int+5 Slay-5}

@: corroded equipment, studying 3 skills, silenced, very slow, extremely
resistant to hostile enchantments, extremely unstealthy
A: retaliatory headbutt, horns 2, deformed body, deterioration 1, dopey 1, frail
1, subdued magic 1, MP-powered wands
a: Renounce Religion, Evoke Blink


You were in the Dungeon.
You worshipped Cheibriados.
Cheibriados was exalted by your worship.
You were hungry.

You visited 1 branch

Inventory:

Hand weapons
 a - a +0 flail
 o - the +6 shillelagh "Devastator" (weapon) {shatter}
   (You found it in the Dungeon)
Armour
 F - the +0 pair of boots of Forking Paths (worn) {rElec Int+2 SInv}
   (You found it in the Dungeon)

   It affects your intelligence (+2).
   It insulates you from electricity.
   It lets you see invisible.
 J - the +15 Maxwell's patent armour (worn) {-Cast -Tele rElec MR+ rCorr}
   (You found it in the Dungeon)

   It insulates you from electricity.
   It affects your resistance to hostile enchantments.
   It prevents spellcasting.
   It prevents most forms of teleportation.
   It protects you from acid and corrosion.
 K - the +18 shield of the gong (worn) {rElec rN+ MR+ EV-5}
   (You found it in the Dungeon)

   It affects your evasion (-5).
   It insulates you from electricity.
   It protects you from negative energy.
   It affects your resistance to hostile enchantments.
 N - the +0 pair of gloves "Siungaic" (worn) {Str+2 Int+2 Dex+4}
   (You found it in the Dungeon)

   It affects your strength (+2).
   It affects your intelligence (+2).
   It affects your dexterity (+4).
Jewellery
 b - the amulet of Due Proportion {rMut rElec Str-4 Int+3}
   (You found it in the Dungeon)

   [amulet of resist mutation]

   It protects you from mutation.
   It affects your strength (-4).
   It affects your intelligence (+3).
   It insulates you from electricity.
 t - an uncursed ring of wizardry
 D - a +6 ring of dexterity
 E - a +6 ring of dexterity
 G - a +6 ring of intelligence
 H - the ring of Ipydulaaz (left hand) {rF+ rC+ rN++ Int+5 Slay-5}
   (You found it in the Dungeon)

   [ring of intelligence]

   It affects your intelligence (+5).
   It affects your accuracy and damage with ranged weapons and melee attacks
   (-5).
   It protects you from fire.
   It protects you from cold.
   It greatly protects you from negative energy.
 I - a +6 ring of strength
 M - the amulet of Xom's Amusement (around neck) {Clar *Drain +Blink rElec rN++}
   (You found it in the Dungeon)

   [amulet of clarity]

   It provides mental clarity.
   It insulates you from electricity.
   It greatly protects you from negative energy.
   It lets you blink.
   It causes draining when unequipped.
 O - the ring "Uluse" {rN++ MR+ Slay-5 SInv}
   (You found it in the Dungeon)

   [ring of see invisible]

   It affects your accuracy and damage with ranged weapons and melee attacks
   (-5).
   It greatly protects you from negative energy.
   It affects your resistance to hostile enchantments.
   It lets you see invisible.
 Q - the ring of Suotaimi (right hand) {Str+2 Int+8 Dex+5 SInv}
   (You found it in the Dungeon)

   [ring of dexterity]

   It affects your strength (+2).
   It affects your intelligence (+8).
   It affects your dexterity (+5).
   It lets you see invisible.
 R - an uncursed ring of protection from fire
 S - the cursed ring "Ykkut" {rN+++ MR+ MP-9 AC-6 Int+4}
   (You found it in the Dungeon)

   [ring of protection]

   It affects your AC (-6).
   It affects your intelligence (+4).
   It renders you almost immune to negative energy.
   It affects your resistance to hostile enchantments.
   It affects your magic capacity (-9).
   It has a curse placed upon it.
 T - the amulet "Wiatusi" {Stasis Stlth+}
   (You found it in the Dungeon)

   [amulet of stasis]

   It prevents you from being teleported, slowed, hasted or paralysed.
   It makes you more stealthy.
 U - the amulet of Naderap {Inacc *Drain Dex+6}
   (You found it in the Dungeon)

   [amulet of inaccuracy]

   It reduces the accuracy of all your attacks.
   It affects your dexterity (+6).
   It causes draining when unequipped.
 V - an uncursed ring of stealth
 X - a +3 ring of intelligence
 Y - an uncursed ring of stealth
 Z - a +5 ring of intelligence
Magical devices
 y - a wand of disintegration (7)
 A - a wand of fire (5)
 B - a wand of cold (5)
 C - a wand of draining (5)
Scrolls
 k - 4 scrolls of blinking
 q - 4 scrolls of amnesia
 r - 5 scrolls of recharging
 s - 7 scrolls of fog
 u - 4 scrolls of identify
 v - 3 scrolls of remove curse
 w - 2 scrolls of fear
Potions
 d - 6 potions of might
 f - 7 potions of curing
 g - 9 potions of heal wounds
 h - 12 potions of haste
 i - 2 potions of magic
 j - 3 potions of berserk rage
 l - 2 potions of brilliance
 m - 2 potions of invisibility
 n - 4 potions of resistance
 p - 5 potions of agility
Books
 c - a manual of Crossbows
 L - a manual of Throwing
 W - a manual of Slings
Comestibles
 e - 5 bread rations
 x - 42 fruits
 z - 2 meat rations
 P - 8 royal jellies


   Skills:
 O Level 27 Fighting
 O Level 27 Maces & Flails
 + Level 4.7(5.3) Slings
 + Level 4.0 Crossbows
 + Level 3.3(4.3) Throwing
 O Level 27 Armour
 O Level 27 Dodging
 - Level 2.0 Stealth
 O Level 27 Shields
 * Level 10.9 Unarmed Combat
 * Level 6.7 Spellcasting
 O Level 27 Invocations
 * Level 9.2 Evocations


You had 30 spell levels left.
You didn't know any spells.

Dungeon Overview and Level Annotations

Branches:
Dungeon (1/1)

Altars:
Ashenzari
Cheibriados
Dithmenos
Elyvilon
Fedhas
Gozag
Kikubaaqudgha
Makhleb
Nemelex Xobeh
Okawaru
Qazlal
Ru
Sif Muna
Trog
Vehumet
Xom
Yredelemnul
Zin
The Shining One
Beogh
Jiyva
Lugonu

Annotations:
D Antaeus, Boris, Cerebov, Chuck, Dissolution, Ereshkigal, Erica, Frances, Harold, Lernaean hydra, Louise, Margery, Nellie, Psyche, Rupert, Urug, Xtahua, the Enchantress


Innate Abilities, Weirdness & Mutations

You reflexively headbutt those who attack you in melee.
You have a pair of horns on your head.
Armour fits poorly on your strangely shaped body.
Your body sometimes deteriorates upon taking damage.
You are dopey. (Int -2)
You are frail (-10% HP).
Your spells are a little easier to cast, but a little less powerful.
You expend magic power (3 MP) to strengthen your wands.


Message History

The lorocyproca dies!
The weapon returns to Chuck!
Harold the Weathered comes into view.
He is wielding a glaive.
You completely miss Ereshkigal.
Ereshkigal is moderately wounded.
Ereshkigal calls on the powers of darkness!
Dissolution convulses!
The shining eye convulses!
The Enchantress convulses!
The shining eye convulses!
Your body is wracked with pain!
* * * LOW HITPOINT WARNING * * *
Margery convulses!
The eye of draining convulses!
Psyche convulses!
Chuck convulses!
Xtahua convulses!
The giant eyeball convulses!
Urug convulses!
Rupert convulses!
Erica convulses!
The 27-headed Lernaean hydra convulses!
Harold convulses!
Louise convulses!
Frances convulses!
Louise mumbles some strange words.
Louise blinks!
The shining eye gazes at you.
Strange energies course through your body.
You feel your magical essence link to your wands.
Margery hits you from afar with a glaive of chopping!!!
You die...

..... .....
.)))..@..§....
.....
...@.5.3D@3..
.▓..
Z..5Z@..3.▓
▓▓▓. .
▓▓..CoZ..Z▓▓
.▓..
..▓...LYG....▓.
.....
.....ZG@@D.....
.....
.....&&1JG.....
.....
.)Z.1Gi@.C.....
▓▓▓▓▓
▓▓▓▓▓▓▓▓▓▓▓▓▓▓▓


You could see Antaeus, Cerebov, Ereshkigal, Nellie, Dissolution, Margery, Boris,
the 27-headed Lernaean hydra, a Hell Sentinel, Xtahua, Rupert, Frances, Chuck,
the Enchantress (invisible), a Shadow Fiend, Harold, Urug, Erica, a soul eater,
2 shining eyes, Psyche, an eye of draining, a ynoxinul, a chaos spawn, a giant
eyeball, 2 ufetubi, Prince Ribbit the human zombie, Ijyb the goblin zombie,
Blork the orc zombie, Snorg the troll zombie, Josephine the human zombie and
Maurice the human zombie.

Vanquished Creatures
  A caustic shrike (shapeshifter) (D)
  4 golden dragons (D)
  Jory (D)
  5 electric golems (D)
  3 liches (D)
  10 quicksilver dragons (D)
  12 titans (D)
  An acid blob (D)
  A tentacled starspawn (D)
  Agnes (D)
  An azure jelly (D)
  3 shadow dragons (D)
  7 storm dragons (D)
  4 fire giants (D)
  An orc warlord (D)
  8 iron dragons (D)
  A frost giant (D)
  An iron dragon (shapeshifter) (D)
  A ghost moth (D)
  5 ghouls (D)
  2 very ugly things (D)
  7 stone giants (D)
  6 vampire knights (D)
  2 dire elephants (D)
  4 death oozes (D)
  3 merfolk javelineers (D)
  Snorg (D)
  A vault guard (D)
  4 merfolk impalers (D)
  A yaktaur captain (D)
  6 crystal guardians (D)
  Josephine (D)
  11 ettins (D)
  A great orb of eyes (D)
  A fire dragon (D)
  2 ice dragons (D)
  An anaconda (D)
  Erolcha (D)
  A merfolk aquamancer (D)
  2 catoblepae (D)
  7 spriggan air magi (D)
  8 hydras (D)
  4 vampire magi (D)
  2 death yaks (D)
  5 iron golems (D)
  Sonja (D)
  6 skeletal warriors (D)
  3 death drakes (D)
  A death scarab (D)
  A death drake (shapeshifter) (D)
  A sea snake (shapeshifter) (D)
  2 sea snakes (D)
  2 swamp dragons (D)
  An ironbrand convoker (D)
  An anubis guard (D)
  Pikel (D)
  A lindwurm (shapeshifter) (D)
  2 griffons (D)
  An orc sorcerer (D)
  A hornet (D)
  7 necromancers (D)
  9 hill giants (D)
  A wolf spider (D)
  An ugly thing (D)
  A moth of wrath (D)
  2 water nymphs (D)
  13 cyclopes (D)
  3 manticores (D)
  An elephant (shapeshifter) (D)
  2 elephants (D)
  Maurice (D)
  5 naga magi (D)
  3 shining eyes (D)
  An eye of devastation (D)
  8 black mambas (D)
  A siren (D)
  A gargoyle (D)
  An octopode (shapeshifter) (D)
  6 spiny frogs (D)
  A yaktaur (D)
  2 demonic crawlers (D)
  5 komodo dragons (D)
  A guardian mummy (D)
  5 fire drakes (D)
  5 merfolk (D)
  A polar bear (D)
  5 jumping spiders (D)
  Prince Ribbit (D)
  A boulder beetle (D)
  2 snapping turtles (D)
  15 wind drakes (D)
  2 ushabtiu (D)
  9 slime creatures (D)
  5 blink frogs (D)
  A ynoxinul (D)
  3 flying skulls (D)
  4 vampires (D)
  A tarantella (shapeshifter) (D)
  7 air elementals (D)
  2 trapdoor spiders (D)
  A trapdoor spider (shapeshifter) (D)
  2 wyverns (D)
  A tarantella (D)
  A basilisk (D)
  4 yaks (D)
  7 shadows (D)
  A hippogriff (shapeshifter) (D)
  A wraith (D)
  2 large abominations (D)
  3 neqoxecs (D)
  A steam dragon (D)
  4 hippogriffs (D)
  Menkaure (D)
  2 soldier ants (shapeshifter) (D)
  5 insubstantial wisps (D)
  2 nagas (D)
  Duvessa (D)
  7 water moccasins (D)
  A phantom (D)
  An ogre (D)
  2 orc warriors (D)
  3 necrophages (D)
  11 crocodiles (D)
  Blork the orc (D)
  A centaur (D)
  Dowan (D)
  3 earth elementals (D)
  9 scorpions (D)
  6 wights (D)
  A crimson imp (D)
  7 jellies (D)
  A quasit (D)
  A small abomination (D)
  4 starcursed masses (D)
  An orc priest (D)
  Ijyb (D)
  3 iron imps (D)
  4 orc wizards (D)
  An iguana (shapeshifter) (D)
  7 mummies (D)
  2 river rats (D)
  4 adders (D)
  6 white imps (D)
  3 shadow imps (D)
  16 ufetubi (D)
  2 adder skeletons (D)
  2 adder zombies (D)
  6 orcs (D)
  2 bat skeletons (D)
  3 bat zombies (D)
  A hobgoblin (D)
  A hobgoblin (shapeshifter) (D)
  A ball python (D)
  A ball python zombie (D)
  2 giant cockroach zombies (D)
  A giant gecko skeleton (D)
  A quokka zombie (D)
495 creatures vanquished.

Vanquished Creatures (others)
  A lorocyproca (D)
  An ogre mage (D)
  An adder (D)
  A ball python (D)
  A lurking horror (D)
  2 starspawn tentacles (D)
  6 starspawn tentacle segments (D)
13 creatures vanquished.

Grand Total: 508 creatures vanquished

Notes
Turn   | Place    | Note
--------------------------------------------------------------
     0 | D        | nuthulu the Minotaur Fighter began the quest for the Orb.
     0 | D        | Reached XP level 1. HP: 19/19 MP: 0/0
     0 | D        | Found a roughly hewn altar of Beogh.
     0 | D        | Found a corrupted altar of Lugonu.
     0 | D        | Found a viscous altar of Jiyva.
     0 | D        | Found a white marble altar of Elyvilon.
     0 | D        | Found a sparkling altar of Nemelex Xobeh.
     0 | D        | Found a burning altar of Makhleb.
     0 | D        | Found an iron altar of Okawaru.
     0 | D        | Found a deep blue altar of Sif Muna.
     0 | D        | Found a radiant altar of Vehumet.
     0 | D        | Found a bloodstained altar of Trog.
     0 | D        | Found a shimmering altar of Xom.
    17 | D        | Reached skill level 5 in Fighting
    17 | D        | Reached skill level 5 in Armour
    17 | D        | Reached skill level 5 in Shields
    17 | D        | Reached XP level 2. HP: 23/29 MP: 1/1
    91 | D        | Became a worshipper of Cheibriados the Contemplative
   101 | D        | Entered arena 1.
   101 | D        | Noticed an ogre
   101 | D        | Noticed a cyclops
   104 | D        | Killed an ogre
   104 | D        | Reached skill level 6 in Fighting
   104 | D        | Reached skill level 5 in Maces & Flails
   104 | D        | Reached XP level 3. HP: 35/38 MP: 2/2
   104 | D        | Reached XP level 4. HP: 41/45 MP: 3/3
   108 | D        | Killed a cyclops
   108 | D        | Reached skill level 9 in Fighting
   108 | D        | Reached skill level 5 in Dodging
   108 | D        | Reached skill level 10 in Shields
   108 | D        | Reached XP level 5. HP: 46/57 MP: 4/4
   108 | D        | Reached XP level 6. HP: 51/64 MP: 5/5
   173 | D        | Entered arena 2.
   173 | D        | Noticed a tentacled starspawn
   179 | D        | Acquired Cheibriados's first power
   180 | D        | Killed a tentacled starspawn
   180 | D        | Reached skill level 12 in Fighting
   180 | D        | Reached skill level 13 in Shields
   180 | D        | Reached XP level 7. HP: 59/78 MP: 6/6
   180 | D        | Reached XP level 8. HP: 64/85 MP: 7/7
   180 | D        | Reached XP level 9. HP: 68/91 MP: 8/8
   268 | D        | Entered arena 3.
   268 | D        | Noticed a merfolk
   268 | D        | Noticed a merfolk
   268 | D        | Noticed a merfolk
   268 | D        | Noticed a merfolk
   272 | D        | Killed a merfolk
   277 | D        | Killed a merfolk
   278 | D        | Killed a merfolk
   278 | D        | Acquired Cheibriados's second power
   278 | D        | Reached skill level 14 in Shields
   279 | D        | Killed a merfolk
   298 | D        | Entered arena 4.
   298 | D        | Noticed an orc wizard
   298 | D        | Noticed an orc wizard
   298 | D        | Noticed an orc wizard
   302 | D        | Killed an orc wizard
   302 | D        | Acquired Cheibriados's third power
   304 | D        | Killed an orc wizard
   304 | D        | Killed an orc wizard
   304 | D        | Acquired Cheibriados's fourth power
   312 | D        | Got a spiked plate armour
   313 | D        | Identified the +7 plate armour of Wrong Decisions {*Corrode rCorr Int+8} (You acquired it in the Dungeon)
   405 | D        | Entered arena 5.
   405 | D        | Noticed a scorpion
   405 | D        | Noticed a scorpion
   405 | D        | Noticed a scorpion
   405 | D        | Noticed a scorpion
   405 | D        | Noticed a jumping spider
   407 | D        | Killed a scorpion
   408 | D        | Killed a scorpion
   408 | D        | Killed a scorpion
   410 | D        | Killed a scorpion
   413 | D        | Killed a jumping spider
   420 | D        | Got the amulet of Due Proportion {rMut rElec Str-4 Int+3}
   553 | D        | Entered arena 6.
   553 | D        | Noticed a phantom
   566 | D        | Killed a phantom
   578 | D        | Entered arena 7.
   578 | D        | Noticed a scorpion
   578 | D        | Noticed a scorpion
   578 | D        | Noticed a scorpion
   578 | D        | Noticed a scorpion
   578 | D        | Noticed a scorpion
   578 | D        | Noticed a jumping spider
   582 | D        | Killed a jumping spider
   582 | D        | Killed a scorpion
   582 | D        | Reached skill level 15 in Shields
   582 | D        | Killed a scorpion
   583 | D        | Killed a scorpion
   583 | D        | Killed a scorpion
   583 | D        | Reached XP level 10. HP: 100/102 MP: 9/9
   587 | D        | Killed a scorpion
   593 | D        | Got the amulet of Xom's Amusement {Clar *Drain +Blink rElec rN++}
   602 | D        | Entered arena 8.
   602 | D        | Noticed a vault guard
   602 | D        | Noticed a necromancer
   602 | D        | Noticed an ironbrand convoker
   602 | D        | Noticed a boulder beetle
   602 | D        | Noticed a yaktaur
   602 | D        | Noticed a yaktaur captain
   602 | D        | Noticed an ogre mage
   605 | D        | Killed an ogre mage
   608 | D        | Killed a vault guard
   608 | D        | Reached skill level 10 in Maces & Flails
   608 | D        | Reached skill level 16 in Shields
   610 | D        | Killed a boulder beetle
   612 | D        | Killed an ironbrand convoker
   612 | D        | Killed a necromancer
   615 | D        | Killed a yaktaur
   619 | D        | Killed a yaktaur captain
   619 | D        | Reached skill level 17 in Shields
   628 | D        | Got the ring "Uluse" {rN++ MR+ Slay-5 SInv}
   852 | D        | Entered arena 9.
   852 | D        | Noticed an iron imp
   852 | D        | Noticed an iron imp
   855 | D        | Killed an iron imp
   858 | D        | Killed an iron imp
   972 | D        | Entered arena 10.
   972 | D        | Noticed a naga
   972 | D        | Noticed a naga mage
   972 | D        | Noticed a water moccasin
   973 | D        | Identified a +5 rod of inaccuracy (7/10)
   975 | D        | Killed a water moccasin
   980 | D        | Killed a naga mage
   983 | D        | Killed a naga
   983 | D        | Reached XP level 11. HP: 102/111 MP: 10/10
   994 | D        | Got the cursed ring "Ykkut" {rN+++ MR+ MP-9 AC-6 Int+4}
  1023 | D        | Entered arena 11.
  1023 | D        | Noticed a slime creature
  1023 | D        | Noticed a jelly
  1023 | D        | Noticed a jelly
  1023 | D        | Noticed a death ooze
  1023 | D        | Noticed a death ooze
  1024 | D        | Noticed a slime creature
  1024 | D        | Noticed a jelly
  1024 | D        | Noticed a death ooze
  1024 | D        | Noticed a shining eye
  1024 | D        | Noticed an acid blob
  1027 | D        | Killed a death ooze
  1027 | D        | Reached skill level 10 in Dodging
  1027 | D        | Reached skill level 18 in Shields
  1032 | D        | Killed a death ooze
  1032 | D        | Reached skill level 15 in Fighting
  1032 | D        | Reached skill level 15 in Armour
  1036 | D        | Killed a jelly
  1036 | D        | Killed a jelly
  1038 | D        | Killed an acid blob
  1038 | D        | Reached skill level 19 in Shields
  1040 | D        | Killed a death ooze
  1043 | D        | Killed a slime creature
  1043 | D        | Killed a jelly
  1045 | D        | Killed a shining eye
  1045 | D        | Reached skill level 20 in Shields
  1046 | D        | Killed a slime creature
  1054 | D        | Got the amulet "Wiatusi" {Stasis Stlth+}
  1133 | D        | Entered arena 12.
  1133 | D        | Noticed a wolf spider
  1133 | D        | Noticed a jumping spider
  1133 | D        | Noticed a demonic crawler
  1133 | D        | Noticed a demonic crawler
  1134 | D        | Noticed a trapdoor spider
  1134 | D        | Noticed a tarantella
  1134 | D        | Noticed a jumping spider
  1134 | D        | Noticed a jumping spider
  1134 | D        | Noticed a hornet
  1140 | D        | Killed a wolf spider
  1140 | D        | Killed a jumping spider
  1141 | D        | Killed a tarantella
  1141 | D        | Killed a trapdoor spider
  1141 | D        | Killed a demonic crawler
  1142 | D        | Killed a demonic crawler
  1142 | D        | Killed a jumping spider
  1145 | D        | Killed a hornet
  1159 | D        | Killed a ghost moth
  1159 | D        | Reached skill level 21 in Shields
  1159 | D        | Reached XP level 12. HP: 58/122 MP: 0/11
  1160 | D        | Killed a jumping spider
  1166 | D        | Noticed a trapdoor spider
  1168 | D        | Killed a trapdoor spider
  1408 | D        | Entered arena 13.
  1409 | D        | Noticed a naga mage
  1409 | D        | Noticed a water moccasin
  1409 | D        | Noticed a water moccasin
  1409 | D        | Noticed a black mamba
  1410 | D        | Noticed an anaconda
  1410 | D        | Noticed a black mamba
  1410 | D        | Noticed a naga
  1410 | D        | Noticed a black mamba
  1410 | D        | Noticed a naga mage
  1410 | D        | Noticed a naga mage
  1410 | D        | Noticed a naga mage
  1413 | D        | Killed a black mamba
  1414 | D        | Killed a water moccasin
  1414 | D        | Killed a water moccasin
  1415 | D        | Killed an anaconda
  1415 | D        | Killed a black mamba
  1416 | D        | Killed a black mamba
  1418 | D        | Killed a naga mage
  1422 | D        | Killed a naga mage
  1422 | D        | Reached skill level 22 in Shields
  1425 | D        | Killed a naga mage
  1426 | D        | Killed a naga
  1428 | D        | Killed a naga mage
  1555 | D        | Entered arena 14.
  1556 | D        | Noticed a small abomination
  1556 | D        | Noticed a neqoxec
  1556 | D        | Noticed a starcursed mass
  1556 | D        | Noticed a ynoxinul
  1557 | D        | Noticed an iron imp
  1557 | D        | Noticed a crimson imp
  1557 | D        | Noticed a quasit
  1563 | D        | Killed a neqoxec
  1563 | D        | Killed a quasit
  1563 | D        | Killed a small abomination
  1563 | D        | Paralysed by accursed screaming for 1 turns
  1565 | D        | Killed a crimson imp
  1565 | D        | Killed a starcursed mass
  1565 | D        | Killed a starcursed mass
  1565 | D        | Killed a starcursed mass
  1565 | D        | Killed an iron imp
  1566 | D        | Killed a starcursed mass
  1566 | D        | Killed a ynoxinul
  1581 | D        | Got the ring "Ibizosch" {Fire rPois Dex+6}
  1644 | D        | Entered arena 15.
  1645 | D        | Noticed an orc priest
  1645 | D        | Noticed an orc warrior
  1645 | D        | Noticed an orc warlord
  1645 | D        | Noticed a moth of wrath
  1646 | D        | Noticed an orc warrior
  1646 | D        | Noticed an orc sorcerer
  1646 | D        | Killed an orc warrior
  1647 | D        | Noticed an orc wizard
  1647 | D        | Killed an orc warrior
  1647 | D        | Killed an orc wizard
  1647 | D        | Killed an orc priest
  1647 | D        | Killed an orc sorcerer
  1651 | D        | Killed a moth of wrath
  1658 | D        | Killed an orc warlord
  1658 | D        | Reached skill level 23 in Shields
  1658 | D        | Reached skill level 1 in Invocations
  1716 | D        | Entered arena 16.
  1719 | D        | Noticed an ushabti
  1719 | D        | Noticed an anubis guard
  1719 | D        | Noticed a guardian mummy
  1720 | D        | Noticed a death scarab
  1720 | D        | Noticed a flying skull
  1720 | D        | Noticed a flying skull
  1720 | D        | Noticed an ushabti
  1721 | D        | Killed a death scarab
  1721 | D        | Killed a flying skull
  1721 | D        | Killed a flying skull
  1723 | D        | Killed an ushabti
  1723 | D        | Killed a guardian mummy
  1725 | D        | Killed an anubis guard
  1730 | D        | Killed an ushabti
  1813 | D        | Entered arena 17.
  1816 | D        | Noticed a jelly
  1816 | D        | Noticed a jelly
  1816 | D        | Noticed a slime creature
  1816 | D        | Noticed a slime creature
  1816 | D        | Noticed a slime creature
  1816 | D        | Noticed a slime creature
  1816 | D        | Noticed a shining eye
  1816 | D        | Noticed a slime creature
  1816 | D        | Noticed a great orb of eyes
  1816 | D        | Paralysed by a great orb of eyes for 3 turns
  1819 | D        | Killed a jelly
  1821 | D        | Killed a jelly
  1822 | D        | Killed a slime creature
  1823 | D        | Noticed an eye of devastation
  1824 | D        | Noticed a slime creature
  1824 | D        | Noticed a slime creature
  1824 | D        | Noticed a jelly
  1824 | D        | Noticed a slime creature
  1824 | D        | Noticed a slime creature
  1824 | D        | Killed a slime creature
  1825 | D        | Noticed a jelly
  1826 | D        | Noticed an azure jelly
  1826 | D        | Noticed a death ooze
  1827 | D        | Gained mutation: Your body sometimes deteriorates upon taking damage. [a shining eye]
  1831 | D        | Killed a shining eye
  1832 | D        | Killed a slime creature
  1834 | D        | Killed a slime creature
  1836 | D        | Killed a great orb of eyes
  1836 | D        | Reached XP level 13. HP: 130/130 MP: 3/14
  1839 | D        | Killed a large slime creature
  1839 | D        | Killed a jelly
  1841 | D        | Killed a jelly
  1843 | D        | Killed a death ooze
  1843 | D        | Reached skill level 15 in Maces & Flails
  1844 | D        | Killed an azure jelly
  1844 | D        | Reached skill level 24 in Shields
  1845 | D        | Killed a large slime creature
  1846 | D        | Killed a slime creature
  1850 | D        | Killed an eye of devastation
  1864 | D        | Got the ring of Law {+Fly rPois rC++}
  1977 | D        | Entered arena 18.
  1977 | D        | Noticed a quicksilver dragon
  1977 | D        | Noticed a caustic shrike
  1977 | D        | Noticed a hippogriff
  1977 | D        | Noticed a neqoxec
  1979 | D        | Noticed a cyan ugly thing
  1979 | D        | Killed a caustic shrike
  1979 | D        | Reached skill level 5 in Invocations
  1979 | D        | Killed a neqoxec
  1979 | D        | Killed a hippogriff
  1979 | D        | Noticed an iron dragon
  1979 | D        | a quicksilver dragon changed into an iron dragon
  1980 | D        | Noticed a wind drake
  1980 | D        | Noticed a neqoxec
  1982 | D        | Noticed a cyan very ugly thing
  1982 | D        | Noticed a cyan very ugly thing
  1987 | D        | Killed a cyan ugly thing
  1988 | D        | Killed an iron dragon
  1989 | D        | a wind drake changed into an octopode
  1989 | D        | Gained mutation: Your spells are a little easier to cast, but a little less powerful. [a neqoxec]
  1990 | D        | Noticed a shining eye
  1994 | D        | Killed a neqoxec
  1996 | D        | Killed a cyan very ugly thing
  1996 | D        | Reached skill level 25 in Shields
  1997 | D        | Killed a brown very ugly thing
  1999 | D        | Gained mutation: You are frail (-10% HP). [a shining eye]
  2007 | D        | Gained mutation: You are dopey. (Int -2) [a shining eye]
  2009 | D        | Killed a shining eye
  2123 | D        | Got the ring of Suotaimi {Str+2 Int+8 Dex+5 SInv}
  2174 | D        | Entered arena 19.
  2179 | D        | Noticed a water nymph
  2179 | D        | Noticed a merfolk javelineer
  2179 | D        | Noticed a manticore
  2179 | D        | Noticed a hippogriff
  2179 | D        | Noticed a snapping turtle
  2179 | D        | Noticed a siren
  2179 | D        | Noticed a centaur
  2179 | D        | Noticed a merfolk impaler
  2179 | D        | Noticed a merfolk aquamancer
  2179 | D        | Noticed a sea snake
  2179 | D        | Noticed a sea snake
  2179 | D        | Noticed a merfolk impaler
  2179 | D        | Noticed a merfolk
  2179 | D        | Noticed a snapping turtle
  2179 | D        | Noticed a merfolk javelineer
  2179 | D        | Noticed a merfolk javelineer
  2180 | D        | Noticed a wind drake
  2180 | D        | Killed a centaur
  2181 | D        | Noticed a water nymph
  2181 | D        | Noticed a merfolk impaler
  2181 | D        | Noticed a merfolk impaler
  2181 | D        | Noticed a manticore
  2181 | D        | Killed a wind drake
  2181 | D        | Killed a siren
  2182 | D        | Killed a sea snake
  2182 | D        | Killed a sea snake
  2182 | D        | Killed a manticore
  2182 | D        | Killed a water nymph
  2182 | D        | Killed a hippogriff
  2183 | D        | Noticed a manticore
  2185 | D        | Killed a water nymph
  2185 | D        | Killed a merfolk impaler
  2185 | D        | Killed a merfolk impaler
  2185 | D        | Killed a manticore
  2185 | D        | Reached XP level 14. HP: 59/127 MP: 17/19
  2185 | D        | Killed a merfolk javelineer
  2185 | D        | Killed a merfolk aquamancer
  2185 | D        | Killed a merfolk
  2188 | D        | Killed a merfolk javelineer
  2191 | D        | Killed a merfolk impaler
  2196 | D        | Killed a manticore
  2196 | D        | Reached skill level 26 in Shields
  2199 | D        | Killed a snapping turtle
  2199 | D        | Killed a merfolk javelineer
  2205 | D        | Killed a merfolk impaler
  2213 | D        | Killed a snapping turtle
  2286 | D        | Got the amulet of Naderap {Inacc *Drain Dex+6}
  2421 | D        | Entered arena 20.
  2425 | D        | Noticed a black mamba
  2425 | D        | Noticed a dire elephant
  2425 | D        | Noticed a basilisk
  2426 | D        | Noticed a komodo dragon
  2426 | D        | Noticed a komodo dragon
  2426 | D        | Noticed a four-headed hydra
  2426 | D        | Noticed a crocodile
  2426 | D        | Noticed a black mamba
  2426 | D        | Noticed a blink frog
  2426 | D        | Noticed a yak
  2426 | D        | Noticed a blink frog
  2426 | D        | Noticed a black mamba
  2426 | D        | Noticed a six-headed hydra
  2426 | D        | Noticed a spiny frog
  2426 | D        | Noticed a spiny frog
  2426 | D        | Noticed a water moccasin
  2426 | D        | Noticed a hippogriff
  2426 | D        | Noticed a komodo dragon
  2426 | D        | Noticed a six-headed hydra
  2426 | D        | Noticed a spiny frog
  2427 | D        | Noticed a crocodile
  2427 | D        | Noticed a crocodile
  2427 | D        | Killed a black mamba
  2427 | D        | Killed a black mamba
  2427 | D        | Killed a black mamba
  2427 | D        | Killed a water moccasin
  2427 | D        | Killed a blink frog
  2428 | D        | Noticed a yak
  2428 | D        | Noticed a spiny frog
  2428 | D        | Killed a blink frog
  2428 | D        | Killed a spiny frog
  2428 | D        | Killed a crocodile
  2428 | D        | Killed a crocodile
  2428 | D        | Killed a yak
  2428 | D        | Killed a crocodile
  2428 | D        | Killed a spiny frog
  2429 | D        | Killed a four-headed hydra
  2429 | D        | Killed a komodo dragon
  2429 | D        | Reached skill level 15 in Dodging
  2429 | D        | Killed a komodo dragon
  2429 | D        | Killed a basilisk
  2429 | D        | Killed a hippogriff
  2429 | D        | Killed a spiny frog
  2429 | D        | Killed a komodo dragon
  2429 | D        | Killed a spiny frog
  2429 | D        | Reached skill level 10 in Invocations
  2429 | D        | Killed a yak
  2430 | D        | Killed a six-headed hydra
  2431 | D        | Killed a six-headed hydra
  2432 | D        | Killed a dire elephant
  2468 | D        | Got the cursed +0 pair of boots of Forking Paths {rElec Int+2 SInv}
  2509 | D        | Entered arena 21.
  2513 | D        | Noticed an iron dragon
  2513 | D        | Noticed a fire drake
  2513 | D        | Noticed a death drake
  2513 | D        | Noticed a fire drake
  2513 | D        | Noticed a five-headed hydra
  2513 | D        | Noticed a fire drake
  2513 | D        | Noticed a shadow dragon
  2514 | D        | Noticed a quicksilver dragon
  2514 | D        | Noticed a golden dragon
  2514 | D        | Noticed a shadow dragon
  2514 | D        | Noticed a swamp dragon
  2514 | D        | Noticed a shadow dragon
  2514 | D        | Noticed a golden dragon
  2514 | D        | Noticed a seven-headed hydra
  2514 | D        | Noticed a death drake
  2514 | D        | Noticed an ice dragon
  2514 | D        | Killed a fire drake
  2515 | D        | Noticed a golden dragon
  2515 | D        | Noticed a fire dragon
  2515 | D        | Noticed a wyvern
  2515 | D        | Noticed a swamp dragon
  2515 | D        | Killed a fire drake
  2515 | D        | Killed a wyvern
  2515 | D        | Killed a fire drake
  2516 | D        | Noticed a wyvern
  2516 | D        | Noticed a death drake
  2516 | D        | Noticed an iron dragon
  2516 | D        | Noticed a golden dragon
  2516 | D        | Killed a death drake
  2516 | D        | Killed a death drake
  2516 | D        | Reached skill level 27 in Shields
  2516 | D        | Killed a quicksilver dragon
  2516 | D        | Killed a wyvern
  2517 | D        | Noticed a fire drake
  2517 | D        | Noticed an iron dragon
  2517 | D        | Noticed an ice dragon
  2517 | D        | Killed a five-headed hydra
  2517 | D        | Killed a seven-headed hydra
  2517 | D        | Killed a swamp dragon
  2518 | D        | Noticed a steam dragon
  2519 | D        | Noticed a quicksilver dragon
  2520 | D        | Killed a swamp dragon
  2520 | D        | Killed a fire drake
  2520 | D        | Killed a death drake
  2521 | D        | Killed an ice dragon
  2521 | D        | Killed a golden dragon
  2521 | D        | Killed a fire dragon
  2521 | D        | Killed a quicksilver dragon
  2521 | D        | Killed a steam dragon
  2522 | D        | Killed a shadow dragon
  2522 | D        | Reached XP level 15. HP: 116/139 MP: 12/24
  2522 | D        | Killed a golden dragon
  2522 | D        | Killed a golden dragon
  2522 | D        | Killed a shadow dragon
  2523 | D        | Killed a golden dragon
  2523 | D        | Reached skill level 15 in Invocations
  2523 | D        | Killed an ice dragon
  2524 | D        | Killed an iron dragon
  2526 | D        | Killed a shadow dragon
  2532 | D        | Killed an iron dragon
  2534 | D        | Killed an iron dragon
  2613 | D        | Entered arena 22.
  2620 | D        | Noticed a crystal guardian
  2620 | D        | Noticed an earth elemental
  2620 | D        | Noticed a quicksilver dragon
  2620 | D        | Noticed a quicksilver dragon
  2620 | D        | Noticed a stone giant
  2620 | D        | Noticed an iron golem
  2620 | D        | Noticed a stone giant
  2620 | D        | Noticed an iron golem
  2620 | D        | Noticed a crystal guardian
  2620 | D        | Noticed a quicksilver dragon
  2620 | D        | Noticed an iron dragon
  2620 | D        | Noticed an iron dragon
  2620 | D        | Noticed a quicksilver dragon
  2621 | D        | Noticed a crystal guardian
  2621 | D        | Noticed an iron dragon
  2621 | D        | Noticed an iron dragon
  2621 | D        | Noticed a crystal guardian
  2621 | D        | Noticed a crystal guardian
  2621 | D        | Noticed a quicksilver dragon
  2622 | D        | Noticed a quicksilver dragon
  2623 | D        | Noticed an iron golem
  2623 | D        | Noticed a stone giant
  2623 | D        | Noticed a quicksilver dragon
  2623 | D        | Killed a quicksilver dragon
  2623 | D        | Killed a quicksilver dragon
  2623 | D        | Killed a quicksilver dragon
  2623 | D        | Killed a quicksilver dragon
  2624 | D        | Noticed an iron golem
  2624 | D        | Noticed a crystal guardian
  2624 | D        | Noticed an iron dragon
  2624 | D        | Noticed a quicksilver dragon
  2624 | D        | Killed a stone giant
  2624 | D        | Killed a crystal guardian
  2624 | D        | Killed a quicksilver dragon
  2624 | D        | Killed a crystal guardian
  2624 | D        | Killed a quicksilver dragon
  2624 | D        | Killed a crystal guardian
  2624 | D        | Killed a crystal guardian
  2624 | D        | Killed a crystal guardian
  2625 | D        | Noticed a gargoyle
  2625 | D        | Noticed an earth elemental
  2625 | D        | Noticed a stone giant
  2625 | D        | Killed a stone giant
  2625 | D        | Killed a quicksilver dragon
  2626 | D        | Noticed a stone giant
  2626 | D        | Noticed an iron golem
  2626 | D        | Noticed an earth elemental
  2629 | D        | Killed a quicksilver dragon
  2629 | D        | Reached XP level 16. HP: 82/150 MP: 28/28
  2629 | D        | Killed a crystal guardian
  2629 | D        | Killed a gargoyle
  2631 | D        | Killed an iron dragon
  2631 | D        | Killed a stone giant
  2639 | D        | Killed an iron dragon
  2639 | D        | Killed an iron golem
  2640 | D        | Killed an iron golem
  2641 | D        | Killed an earth elemental
  2642 | D        | Killed an earth elemental
  2643 | D        | Killed an iron dragon
  2644 | D        | Killed an iron dragon
  2646 | D        | Killed a stone giant
  2650 | D        | Killed a stone giant
  2651 | D        | Killed an iron golem
  2652 | D        | Killed an iron golem
  2653 | D        | Killed an iron dragon
  2654 | D        | Killed an earth elemental
  2655 | D        | Killed an iron golem
  2707 | D        | Got the ring of Ipydulaaz {rF+ rC+ rN++ Int+5 Slay-5}
  2908 | D        | Entered arena 23.
  2919 | D        | Noticed a catoblepas
  2919 | D        | Noticed a catoblepas
  2919 | D        | Noticed a crocodile
  2919 | D        | Noticed a crocodile
  2919 | D        | Noticed a five-headed hydra
  2919 | D        | Noticed a crocodile
  2919 | D        | Noticed a water moccasin
  2919 | D        | Noticed a crocodile
  2919 | D        | Noticed a crocodile
  2919 | D        | Noticed a griffon
  2919 | D        | Noticed a seven-headed hydra
  2919 | D        | Noticed a crocodile
  2919 | D        | Noticed a blink frog
  2920 | D        | Noticed a crocodile
  2920 | D        | Noticed a water moccasin
  2920 | D        | Noticed a spiny frog
  2920 | D        | Noticed a hippogriff
  2920 | D        | Noticed an elephant
  2920 | D        | Noticed a griffon
  2920 | D        | Noticed a komodo dragon
  2920 | D        | Noticed a komodo dragon
  2920 | D        | Killed a water moccasin
  2920 | D        | Killed a blink frog
  2920 | D        | Killed a water moccasin
  2921 | D        | Noticed a dire elephant
  2921 | D        | Noticed a black mamba
  2921 | D        | Noticed a hippogriff
  2921 | D        | Noticed a yak
  2921 | D        | Noticed a polar bear
  2921 | D        | Noticed a death yak
  2921 | D        | Noticed a water moccasin
  2921 | D        | Killed a crocodile
  2921 | D        | Killed a crocodile
  2921 | D        | Killed a crocodile
  2921 | D        | Killed a crocodile
  2921 | D        | Killed a crocodile
  2921 | D        | Killed a komodo dragon
  2921 | D        | Killed a spiny frog
  2921 | D        | Killed a crocodile
  2921 | D        | Killed a crocodile
  2921 | D        | Killed a black mamba
  2921 | D        | Killed a water moccasin
  2922 | D        | Noticed a death yak
  2922 | D        | Noticed a yak
  2922 | D        | Noticed a four-headed hydra
  2922 | D        | Killed a komodo dragon
  2922 | D        | Killed a hippogriff
  2923 | D        | Noticed a blink frog
  2923 | D        | Noticed a fire drake
  2923 | D        | Noticed a blink frog
  2923 | D        | Killed a five-headed hydra
  2923 | D        | Killed a griffon
  2923 | D        | Killed a seven-headed hydra
  2923 | D        | Killed a griffon
  2923 | D        | Killed an elephant
  2923 | D        | Killed a yak
  2923 | D        | Killed a yak
  2923 | D        | Killed a blink frog
  2923 | D        | Killed a polar bear
  2923 | D        | Killed a fire drake
  2923 | D        | Killed a blink frog
  2924 | D        | Noticed an elephant
  2924 | D        | Noticed a crocodile
  2924 | D        | Noticed a black mamba
  2926 | D        | Noticed a spiny frog
  2932 | D        | Killed a hippogriff
  2932 | D        | Killed a catoblepas
  2933 | D        | Killed a catoblepas
  2933 | D        | Killed a spiny frog
  2933 | D        | Killed a crocodile
  2933 | D        | Killed a four-headed hydra
  2933 | D        | Killed a death yak
  2943 | D        | Killed a dire elephant
  2943 | D        | Killed an elephant
  2943 | D        | Killed a death yak
  2943 | D        | Killed a black mamba
  3010 | D        | Entered arena 24.
  3017 | D        | Noticed a cyclops
  3017 | D        | Noticed a cyclops
  3017 | D        | Noticed a hill giant
  3017 | D        | Noticed a cyclops
  3017 | D        | Noticed an ettin
  3017 | D        | Noticed a stone giant
  3017 | D        | Noticed an ettin
  3017 | D        | Noticed an ettin
  3017 | D        | Noticed a cyclops
  3017 | D        | Noticed an ettin
  3017 | D        | Noticed a titan
  3017 | D        | Noticed a titan
  3017 | D        | Noticed a cyclops
  3017 | D        | Noticed an ettin
  3017 | D        | Noticed a titan
  3017 | D        | Noticed a fire giant
  3017 | D        | Noticed a titan
  3017 | D        | Noticed a fire giant
  3017 | D        | Noticed a fire giant
  3017 | D        | Noticed a cyclops
  3017 | D        | Noticed a frost giant
  3017 | D        | Noticed a fire giant
  3017 | D        | Noticed a hill giant
  3018 | D        | Noticed an ettin
  3019 | D        | Noticed an ettin
  3019 | D        | Noticed a cyclops
  3019 | D        | Noticed a stone giant
  3019 | D        | Noticed a hill giant
  3020 | D        | Noticed a titan
  3020 | D        | Noticed an ettin
  3020 | D        | Noticed a hill giant
  3020 | D        | Killed an ettin
  3020 | D        | Killed a hill giant
  3021 | D        | Noticed an ettin
  3021 | D        | Noticed a hill giant
  3021 | D        | Noticed a cyclops
  3021 | D        | Noticed a cyclops
  3021 | D        | Killed an ettin
  3021 | D        | Killed an ettin
  3021 | D        | Killed an ettin
  3021 | D        | Killed an ettin
  3021 | D        | Killed a hill giant
  3021 | D        | Killed an ettin
  3022 | D        | Noticed a hill giant
  3022 | D        | Killed a stone giant
  3022 | D        | Killed an ettin
  3022 | D        | Killed a hill giant
  3022 | D        | Killed a cyclops
  3023 | D        | Noticed a cyclops
  3023 | D        | Killed a titan
  3023 | D        | Reached skill level 1 in Stealth
  3023 | D        | Killed a titan
  3023 | D        | Killed a fire giant
  3023 | D        | Killed a fire giant
  3023 | D        | Killed a titan
  3023 | D        | Killed a frost giant
  3023 | D        | Killed a fire giant
  3023 | D        | Reached XP level 17. HP: 160/162 MP: 6/31
  3023 | D        | Killed a fire giant
  3023 | D        | Killed a stone giant
  3023 | D        | Killed an ettin
  3023 | D        | Killed a hill giant
  3023 | D        | Killed an ettin
  3024 | D        | Noticed an ettin
  3024 | D        | Noticed a hill giant
  3025 | D        | Noticed a hill giant
  3025 | D        | Noticed a titan
  3025 | D        | Noticed an ettin
  3025 | D        | Killed a titan
  3025 | D        | Killed a hill giant
  3026 | D        | Noticed a hill giant
  3026 | D        | Noticed a cyclops
  3026 | D        | Noticed a cyclops
  3027 | D        | Killed a hill giant
  3027 | D        | Killed a cyclops
  3027 | D        | Killed a cyclops
  3028 | D        | Killed a titan
  3029 | D        | Killed an ettin
  3029 | D        | Killed a hill giant
  3032 | D        | Killed a cyclops
  3032 | D        | Killed a cyclops
  3033 | D        | Killed a hill giant
  3033 | D        | Killed a cyclops
  3033 | D        | Killed a cyclops
  3033 | D        | Killed an ettin
  3033 | D        | Killed a cyclops
  3035 | D        | Killed a hill giant
  3038 | D        | Killed a cyclops
  3040 | D        | Killed a titan
  3043 | D        | Killed a cyclops
  3043 | D        | Killed a cyclops
  3045 | D        | Killed a cyclops
  3121 | D        | Entered arena 25.
  3130 | D        | Noticed an insubstantial wisp
  3130 | D        | Noticed a spriggan air mage
  3130 | D        | Noticed a wind drake
  3130 | D        | Noticed a titan
  3130 | D        | Noticed a wind drake
  3130 | D        | Noticed an insubstantial wisp
  3130 | D        | Noticed an electric golem
  3130 | D        | Noticed an insubstantial wisp
  3130 | D        | Noticed a storm dragon
  3130 | D        | Noticed a storm dragon
  3130 | D        | Noticed an air elemental
  3130 | D        | Noticed an electric golem
  3130 | D        | Noticed a spriggan air mage
  3130 | D        | Noticed a storm dragon
  3130 | D        | Noticed an air elemental
  3131 | D        | Noticed a wind drake
  3131 | D        | Noticed an air elemental
  3131 | D        | Noticed a spriggan air mage
  3131 | D        | Noticed an electric golem
  3131 | D        | Noticed a titan
  3131 | D        | Noticed a spriggan air mage
  3131 | D        | Noticed a wind drake
  3131 | D        | Noticed a wind drake
  3131 | D        | Noticed an electric golem
  3131 | D        | Noticed a storm dragon
  3131 | D        | Killed an air elemental
  3131 | D        | Killed an air elemental
  3131 | D        | Killed an insubstantial wisp
  3131 | D        | Killed an insubstantial wisp
  3131 | D        | Killed an insubstantial wisp
  3131 | D        | Killed a spriggan air mage
  3131 | D        | Killed an air elemental
  3132 | D        | Noticed a titan
  3132 | D        | Noticed a storm dragon
  3132 | D        | Noticed a titan
  3132 | D        | Noticed a wind drake
  3132 | D        | Noticed a wind drake
  3132 | D        | Noticed a wind drake
  3132 | D        | Noticed an air elemental
  3132 | D        | Noticed an air elemental
  3132 | D        | Noticed a spriggan air mage
  3132 | D        | Noticed a storm dragon
  3132 | D        | Killed a wind drake
  3132 | D        | Killed a spriggan air mage
  3132 | D        | Killed a spriggan air mage
  3132 | D        | Killed a spriggan air mage
  3132 | D        | Killed an air elemental
  3132 | D        | Killed an air elemental
  3132 | D        | Noticed a spriggan air mage
  3133 | D        | Noticed a wind drake
  3133 | D        | Noticed a wind drake
  3133 | D        | Noticed an electric golem
  3133 | D        | Noticed a wind drake
  3133 | D        | Noticed a wind drake
  3133 | D        | Noticed a wind drake
  3133 | D        | Killed a wind drake
  3133 | D        | Killed a wind drake
  3133 | D        | Killed a wind drake
  3133 | D        | Killed a wind drake
  3133 | D        | Killed a spriggan air mage
  3134 | D        | Noticed an insubstantial wisp
  3134 | D        | Noticed a titan
  3134 | D        | Noticed a storm dragon
  3134 | D        | Killed an electric golem
  3134 | D        | Killed an electric golem
  3134 | D        | Killed a storm dragon
  3134 | D        | Killed an electric golem
  3134 | D        | Killed a wind drake
  3134 | D        | Killed an electric golem
  3134 | D        | Killed a wind drake
  3134 | D        | Killed a spriggan air mage
  3134 | D        | Killed a wind drake
  3135 | D        | Noticed an air elemental
  3135 | D        | Noticed a titan
  3135 | D        | Noticed a spriggan air mage
  3135 | D        | Noticed an air elemental
  3135 | D        | Noticed a wind drake
  3135 | D        | Killed a storm dragon
  3135 | D        | Reached skill level 27 in Invocations
  3135 | D        | Killed a storm dragon
  3135 | D        | Killed a storm dragon
  3135 | D        | Killed a storm dragon
  3135 | D        | Killed a wind drake
  3135 | D        | Killed an insubstantial wisp
  3135 | D        | Killed an air elemental
  3135 | D        | Killed a wind drake
  3135 | D        | Killed a wind drake
  3135 | D        | Killed an air elemental
  3136 | D        | Noticed an insubstantial wisp
  3136 | D        | Killed a titan
  3139 | D        | Killed an electric golem
  3141 | D        | Killed a titan
  3142 | D        | Killed a storm dragon
  3142 | D        | Killed a wind drake
  3142 | D        | Killed a wind drake
  3142 | D        | Killed a spriggan air mage
  3144 | D        | Killed a wind drake
  3146 | D        | Killed a titan
  3146 | D        | Reached XP level 18. HP: 61/176 MP: 4/34
  3148 | D        | Killed a titan
  3148 | D        | Killed a titan
  3148 | D        | Reached skill level 27 in Maces & Flails
  3153 | D        | Killed a storm dragon
  3154 | D        | Killed a titan
  3157 | D        | Killed an insubstantial wisp
  3481 | D        | Entered arena 26.
  3481 | D        | Noticed a wight
  3481 | D        | Noticed a vampire mage
  3481 | D        | Noticed a necrophage
  3481 | D        | Noticed a vampire
  3481 | D        | Noticed a vampire mage
  3482 | D        | Noticed a vampire mage
  3483 | D        | Noticed a vampire
  3484 | D        | Noticed a vampire knight
  3484 | D        | Killed a vampire
  3485 | D        | Noticed a wight
  3486 | D        | Noticed a necrophage
  3489 | D        | Noticed a wight
  3489 | D        | Killed a necrophage
  3490 | D        | Noticed a vampire knight
  3490 | D        | Noticed a vampire knight
  3491 | D        | Killed a vampire mage
  3492 | D        | Killed a wight
  3494 | D        | Noticed a vampire knight
  3494 | D        | Killed a vampire
  3497 | D        | Killed a vampire mage
  3498 | D        | Noticed a vampire knight
  3498 | D        | Noticed a necromancer
  3498 | D        | Noticed a necromancer
  3498 | D        | Killed a vampire knight
  3498 | D        | Reached skill level 27 in Fighting
  3499 | D        | Noticed a ghoul
  3499 | D        | Noticed a lich
  3499 | D        | Killed a necrophage
  3499 | D        | Killed a wight
  3500 | D        | Noticed a shadow
  3501 | D        | Noticed a wight
  3501 | D        | Noticed a vampire knight
  3502 | D        | Noticed a skeletal warrior
  3502 | D        | Noticed a shadow
  3503 | D        | Noticed a necromancer
  3503 | D        | Noticed a ghoul
  3503 | D        | Noticed a skeletal warrior
  3503 | D        | Killed a wight
  3503 | D        | Killed a shadow
  3503 | D        | Killed a wight
  3504 | D        | Noticed a shadow
  3504 | D        | Noticed a ghoul
  3504 | D        | Noticed a shadow
  3504 | D        | Noticed a skeletal warrior
  3504 | D        | Killed a vampire knight
  3504 | D        | Killed a vampire knight
  3504 | D        | Killed a necromancer
  3504 | D        | Killed a necromancer
  3504 | D        | Killed a shadow
  3504 | D        | Noticed a necromancer
  3505 | D        | Noticed a lich
  3505 | D        | Noticed a skeletal warrior
  3505 | D        | Killed a vampire mage
  3505 | D        | Reached skill level 27 in Armour
  3505 | D        | Killed a necromancer
  3505 | D        | Killed a shadow
  3505 | D        | Killed a shadow
  3506 | D        | Noticed a ghoul
  3506 | D        | Noticed a shadow
  3506 | D        | Noticed a shadow
  3506 | D        | Noticed a necrophage
  3506 | D        | Noticed a ghoul
  3506 | D        | Killed a vampire knight
  3506 | D        | Killed a vampire knight
  3506 | D        | Killed a vampire knight
  3506 | D        | Killed a skeletal warrior
  3506 | D        | Killed a skeletal warrior
  3507 | D        | Noticed a skeletal warrior
  3507 | D        | Noticed a wight
  3507 | D        | Noticed a vampire mage
  3507 | D        | Killed a lich
  3507 | D        | Killed a skeletal warrior
  3507 | D        | Killed a shadow
  3507 | D        | Killed a shadow
  3507 | D        | Killed a necromancer
  3507 | D        | Killed a wight
  3508 | D        | Noticed a skeletal warrior
  3508 | D        | Noticed a shadow
  3508 | D        | Killed a skeletal warrior
  3508 | D        | Killed a necrophage
  3509 | D        | Noticed a vampire
  3509 | D        | Killed a lich
  3509 | D        | Reached skill level 27 in Dodging
  3509 | D        | Killed a vampire mage
  3509 | D        | Reached skill level 1 in Slings
  3509 | D        | Reached skill level 1 in Crossbows
  3509 | D        | Reached skill level 1 in Throwing
  3509 | D        | Reached skill level 1 in Unarmed Combat
  3509 | D        | Killed a shadow
  3509 | D        | Reached skill level 1 in Evocations
  3510 | D        | Killed a ghoul
  3510 | D        | Reached skill level 1 in Spellcasting
  3511 | D        | Noticed a necromancer
  3511 | D        | Killed a ghoul
  3512 | D        | Noticed a necromancer
  3512 | D        | Killed a skeletal warrior
  3513 | D        | Noticed a lich
  3513 | D        | Killed a ghoul
  3514 | D        | Noticed a vampire
  3515 | D        | Killed a ghoul
  3515 | D        | Reached skill level 5 in Unarmed Combat
  3515 | D        | Killed a vampire
  3518 | D        | Killed a skeletal warrior
  3519 | D        | Killed a ghoul
  3519 | D        | Reached skill level 5 in Evocations
  3520 | D        | Killed a vampire
  3522 | D        | Killed a necromancer
  3525 | D        | Killed a lich
  3525 | D        | Killed a necromancer
  3569 | D        | Got the cursed +0 pair of gloves "Siungaic" {Str+2 Int+2 Dex+4}
  3604 | D        | Entered arena 27.
  3604 | D        | Noticed Snorg
  3604 | D        | Noticed Erolcha
  3604 | D        | Noticed Josephine
  3604 | D        | Noticed Duvessa
  3604 | D        | Noticed Maurice
  3604 | D        | Noticed Jory
  3605 | D        | Noticed Menkaure
  3605 | D        | Noticed Ijyb
  3606 | D        | Noticed Dowan
  3606 | D        | Noticed Agnes
  3606 | D        | Killed Ijyb
  3606 | D        | Killed Duvessa
  3606 | D        | Killed Dowan
  3607 | D        | Killed Agnes
  3607 | D        | Reached skill level 5 in Spellcasting
  3607 | D        | Killed Maurice
  3608 | D        | Noticed Pikel
  3609 | D        | Killed Snorg
  3609 | D        | Killed Josephine
  3613 | D        | Killed Erolcha
  3613 | D        | Killed Menkaure
  3614 | D        | Noticed Prince Ribbit
  3618 | D        | Killed Pikel
  3623 | D        | Noticed Sonja
  3625 | D        | Killed Jory
  3625 | D        | Reached skill level 10 in Unarmed Combat
  3625 | D        | Killed Sonja
  3626 | D        | Noticed Dissolution
  3628 | D        | Noticed Ereshkigal
  3629 | D        | Noticed Urug
  3629 | D        | Noticed Blork the orc
  3629 | D        | Killed Prince Ribbit
  3630 | D        | Noticed the Enchantress
  3631 | D        | Noticed Margery
  3632 | D        | Killed Blork the orc
  3632 | D        | Gained mutation: Armour fits poorly on your strangely shaped body. [a shining eye]
  3633 | D        | Noticed Chuck
  3633 | D        | Paralysed by a giant eyeball for 4 turns
  3635 | D        | Noticed Cerebov
  3636 | D        | Noticed Psyche
  3637 | D        | Noticed Xtahua
  3638 | D        | Noticed Frances
  3638 | D        | Noticed Boris
  3640 | D        | Noticed Nellie
  3640 | D        | Noticed Rupert
  3641 | D        | Noticed Antaeus
  3642 | D        | Noticed the 27-headed Lernaean hydra
  3643 | D        | Noticed Erica
  3644 | D        | Noticed Louise
  3645 | D        | Noticed Harold
  3645 | D        | Gained mutation: You expend magic power (3 MP) to strengthen your wands. [a shining eye]
  3645 | D        | Mangled by Margery

Vault maps used:
D:        sprint_v

Action                   |  1- 3 |  4- 6 |  7- 9 | 10-12 | 13-15 | 16-18 || total
-------------------------+-------+-------+-------+-------+-------+-------++-------
Melee: Shillelagh        |     2 |     8 |    34 |   123 |    84 |   113 ||   364
Invok: Slouch            |       |       |       |     5 |    24 |    38 ||    67
  Use: Potion            |     1 |       |       |     1 |     8 |     6 ||    16
       Scroll            |       |       |     2 |     1 |     1 |     1 ||     5
 Stab: Petrified         |       |       |       |       |       |     1 ||     1
  Eat: Meat ration       |       |       |       |       |     1 |     1 ||     2
       Royal jelly       |       |       |       |       |       |     1 ||     1
